 Dungeon Crawl Stone Soup version 0.31-a0-881-ge136f0c47a (webtiles) character file.

Game seed: 10204585478317092478

10 Kurtz the Sneak (level 2, -2/28 HPs)
             Began as a Naga Delver on Oct 15, 2023.
             Slain by an adder (3 damage)
             ... on level 3 of the Dungeon.
             The game lasted 00:00:17 (96 turns).

Kurtz the Sneak (Naga Delver)                         Turns: 96, Time: 00:00:18

Health: -2/28      AC:  2    Str: 14    XL:     2   Next: 20%
Magic:  2/2        EV:  9    Int: 10    God:
Gold:   0          SH:  0    Dex: 12    Spells: 1/1 levels left

rFire   . . .        a - +0 hand axe
rCold   . . .        (no shield)
rNeg    . . .        b - +0 leather armour
rPois   +            (no helmet)
rElec   .            (no cloak)
rCorr   .            (no gloves)
SInv    +            (no barding)
Will    .....        (no amulet)
Stlth   +++          (no ring)
HPRegen 0.24/turn    (no ring)
MPRegen 0.08/turn

%: no passive effects
@: short of breath, very slow
A: AC +0, large, see invisible, deformed body, poison resistance, slowness 2,
spit poison 1, naga tail 1
a: Spit Poison


You were on level 3 of the Dungeon.
You visited 1 branch of the dungeon, and saw 3 of its levels.

Inventory:

Hand Weapons
 a - a +0 hand axe (weapon)
Missiles
 h - 2 poisoned darts
Armour
 b - a +0 leather armour (worn)
Wands
 g - a wand of digging (3)
Scrolls
 c - a scroll of fog
 d - a scroll of revelation
 e - a scroll of fear
Potions
 f - a potion of haste
 i - a potion of degeneration {unknown}


   Skills:
 - Level 3.0 Fighting
 * Level 2.8 Axes
 - Level 1.5 Dodging
 - Level 7.2 Stealth


You had one spell level left.
You didn't know any spells.
Your spell library was empty.

Dungeon Overview and Level Annotations

Branches:
Dungeon (5/15)
 Temple: D:4-7

Altars:


Innate Abilities, Weirdness & Mutations

Your serpentine skin is tough. (AC +0)
You have supernaturally acute eyesight. (SInv)
Armour fits poorly on your strangely shaped body.
Your system is resistant to poisons. (rPois)
You cover ground very slowly.
You can spit poison.
You have a snake-like lower body.


Message History

You hit the bat.
You kill the bat!
The hound bites you. The hound closely misses you.
You closely miss the hound.
The hound is moderately wounded.
You hit the adder. The hound bites you. The adder barely misses you.
The hound barely misses you.
You hit the adder.
The adder is almost dead.
You closely miss the hound. The adder bites you.
The hound pauses to sniff the ground.
The hound bites you. The adder completely misses you.
You are too injured to fight recklessly!
Unknown command.
You are too injured to fight recklessly!
Unknown command.
You are too injured to fight recklessly!
You are too injured to fight recklessly!
You miss the hound.
The hound is moderately wounded.
You miss the adder. The hound bites you.
The adder bites you but does no damage. The hound bites you.
* * * LOW HITPOINT WARNING * * *
You hit the hound.
The hound is heavily wounded.
You barely miss the adder. The adder barely misses you. The hound bites you.
* * * LOW HITPOINT WARNING * * *
The adder bites you but does no damage. The hound bites you but does no damage.
Unknown command.
Aiming: Spit Poison (2% risk of failure)
Press: ? - help, Shift-Dir - straight line, f - hound
Aim: a hound (heavily wounded, 45% to hit)
The splash of poison misses the hound.
The adder barely misses you. The hound bites you.
* * * LOW HITPOINT WARNING * * *
Unknown command.
You barely miss the hound.
The hound is heavily wounded.
You barely miss the adder. The hound barely misses you. The adder bites you.
You die...

.... ...) .=...
#########.....
#>............
###..........#
.###...†h.....#
.........@S.....#
######..........#
......!........
#####....######
######


You could see a hound and an adder.

Vanquished Creatures
  An adder (D:4)
  A bat (D:3)
2 creatures vanquished.

Notes
Turn   | Place    | Note
-------+----------+-------------------------------------------
     0 | D:5      | Kurtz the Naga Delver began the quest for the Orb.
     0 | D:5      | Reached XP level 1. HP: 21/21 MP: 1/1
    21 | D:5      | Noticed a jelly
    36 | D:4      | Reached XP level 2. HP: 15/28 MP: 2/2
    95 | D:3      | HP: 1/28 [hound (4)]
    96 | D:3      | Slain by an adder

Illustrated notes

Levels and vault maps discovered:
D:3:      layout_basic, hangedman_decor_push, amcnicky_mini_rare_corridor_liquid
D:4:      layout_gridville, kennysheep_generic_room_15
D:5:      layout_rooms, palyth_stone_intersect, nicolae_nh_ransacked_shop,
          uniq_pikel

Action                     || total
---------------------------++-------
  Melee: Hand axe          ||    15
Ability: Spit Poison       ||     1
 Armour: Leather armour    ||    20
  Dodge: Dodged            ||    15

Table legend: (Time is in decaauts)
 A = Elapsed time spent in this place.
 B = Non-inter-level travel time spent in this place.
 C = Inter-level travel time spent in this place.
 D = Time resting spent in this place.
 E = Time spent auto-exploring this place.
 F = Levels seen in this place.
 G = Mean time per level.
                   A        B        C        D        E       F      G
               +--------+--------+--------+--------+--------+-----+--------+
         Total |    111 |    111 |      0 |      0 |     61 |   3 |   37.0 |
       Dungeon |    111 |    111 |      0 |      0 |     61 |   3 |   37.0 |
               +--------+--------+--------+--------+--------+-----+--------+

Top non-repeatable levels by time:
     D:3: 59 daAuts
     D:5: 35 daAuts
     D:4: 16 daAuts
